 Dungeon Crawl Stone Soup version 0.32-a0-913-g739538afd8 (webtiles) character file.

Game seed: 8436140785866662640

927 pokeman the Thaumaturge (level 7, -1/40 HPs)
             Began as a Deep Elf Hedge Wizard on Apr 8, 2024.
             Slain by a phantom (7 damage)
             ... on level 6 of the Dungeon.
             The game lasted 00:10:33 (5663 turns).

pokeman the Thaumaturge (Deep Elf Hedge Wizard)     Turns: 5663, Time: 00:10:34

Health: -1/40      AC:  2    Str: 13    XL:     7   Next: 85%
Magic:  4/21       EV: 12    Int: 28    God:
Gold:   232        SH:  0    Dex: 14    Spells: 15/23 levels left

rFire   + . .        u - +4 mace of Zyvida {flame, *Slow Int+7 Stlth-}
rCold   + . .        (no shield)
rNeg    . . .        b - +0 robe
rPois   +            c - +0 hat
rElec   .            t - scarf {rC+ rF+}
rCorr   .            (no gloves)
SInv    .            (no boots)
Will    .....        (no amulet)
Stlth   +            f - ring of poison resistance
HPRegen 0.26/turn    s - +6 ring of strength
MPRegen 0.17/turn

%: slow self (1%)
@: no status effects
A: no striking features
a: no special abilities


You were on level 6 of the Dungeon.
You visited 1 branch of the dungeon, and saw 6 of its levels.

You collected 232 gold pieces.

Inventory:

Hand Weapons
 u - the +4 mace of Zyvida (weapon) {flame, *Slow Int+7 Stlth-}
   (You found it on level 4 of the Dungeon)

   Int+7:     It affects your intelligence (+7).
   *Slow:     It may slow you when you take damage.
   Stlth-:    It makes you less stealthy.
Missiles
 x - a throwing net
 A - a curare-tipped dart
Armour
 b - a +0 robe (worn)
 c - a +0 hat (worn)
 t - a scarf of resistance (worn)
Jewellery
 f - a ring of poison resistance (left hand)
 s - a +6 ring of strength (right hand)
Wands
 w - a wand of warping (9)
 z - a wand of flame (28)
Scrolls
 e - 3 scrolls of revelation {unknown}
 g - a scroll of enchant weapon {unknown}
 j - a scroll of vulnerability {unknown}
 k - 3 scrolls of fog {unknown}
 n - a scroll of immolation {unknown}
 o - a scroll of noise {unknown}
 q - a scroll of enchant armour {unknown}
 r - 5 scrolls of identify {unknown}
 v - a scroll of brand weapon {unknown}
 y - a scroll of poison {unknown}
Potions
 a - 3 potions of degeneration {unknown}
 d - a potion of magic
 h - a potion of ambrosia {unknown}
 i - 3 potions of invisibility {unknown}
 l - 4 potions of lignification {unknown}
 m - a potion of might {unknown}
 p - a potion of berserk rage {unknown}


   Skills:
 - Level 2.1 Fighting
 + Level 1.3 Armour
 - Level 3.0 Dodging
 - Level 3.1 Stealth
 * Level 8.9 Spellcasting
 + Level 4.4 Conjurations
 - Level 1.1 Summonings
 - Level 1.1 Translocations
 - Level 2.0 Air Magic
 - Level 2.0 Alchemy
 - Level 1.2 Evocations


You had 15 spell levels left.
You knew the following spells:

 Your Spells              Type           Power      Damage    Failure   Level
a - Magic Dart            Conj           100%       1d8       1%          1
b - Mephitic Cloud        Conj/Alch/Air  28%        N/A       4%          3
c - Call Imp              Summ           36%        N/A       4%          2
d - Blink                 Tloc           36%        N/A       4%          2

Your spell library contained the following spells:

 Spells                   Type           Power      Damage    Failure   Level
 Sting                    Conj/Alch      100%       1d9       1%          1
 Apportation              Tloc           36%        N/A       2%          1
 Summon Small Mammal      Summ           72%        N/A       2%          1
 Cigotuvi's Dreadful Rot  Necr/Alch/Air  40%        N/A       3%          2
 Mercury Vapours          Alch/Air       46%        N/A       3%          2
 Necrotise                Necr           48%        1d6       4%          1
 Slow                     Hex            48%        N/A       4%          1
 Ensorcelled Hibernation  Hex/Ice        24%        N/A       7%          2
 Fugue of the Fallen      Necr           12%        N/A       14%         3
 Olgreb's Toxic Radiance  Alch           23%        N/A       19%         4
 Anguish                  Hex/Necr       6%         N/A       41%         4


Dungeon Overview and Level Annotations

Branches:
Dungeon (6/15)
 Temple: D:4-7

Altars:
Elyvilon
Qazlal
Sif Muna


Message History

The phantom is moderately damaged.
The phantom hits you.
You miss the phantom.
The phantom is moderately damaged.
The phantom barely misses you. The phantom completely misses you.
Casting: Magic Dart (safe; 1% risk of failure)
Confirm with . or Enter, or press ? or * to list all spells.
Aiming: Mephitic Cloud (dangerous; 4% risk of failure)
Press: ? - help, Shift-Dir - straight line, f - sky beast
Aim: a sky beast (chance to affect: 77%)
The ball explodes into a vile cloud!
The stinking cloud engulfs the sky beast.
The stinking cloud engulfs the orc.
The orc is engulfed in noxious fumes.
The orc appears confused.
The sky beast is engulfed in noxious fumes.
The sky beast appears confused.
The sky beast flickers out of sight!
Deactivating autopickup; reactivate with Ctrl-A.
The phantom barely misses you.
Unknown command.
Unknown command.
You hit the phantom. You burn the phantom.
The phantom is moderately damaged.
The orc is engulfed in noxious fumes.
The orc appears confused.
Something hits the phantom but does no damage.
The phantom hits you.
* * * LOW HITPOINT WARNING * * *
Unknown command.
You barely miss the phantom.
The phantom is moderately damaged.
The phantom hits you.
* * * LOW HITPOINT WARNING * * *
The phantom blinks!
You blink.
Found a scroll labelled TAOSAE QEIHA, a ring mail and 9 gold pieces.
The orc is engulfed in noxious fumes.
The orc appears confused.
Reactivating autopickup.
A sky beast appears from thin air!
You hit the phantom but do no damage.
The phantom is moderately damaged.
The phantom hits you!
You die...

#.. #..#
#...######
........##
..$..[..#
#?.....##
#.......# #.@.#
#.W.#. ##...#
#...# #...##
#.°..## ##.
##..o§§####....
##...)☼§Y.......
#.....o.........


You could see a sky beast (confused), a phantom and an orc (confused).

Vanquished Creatures
  Eustachio (D:4)
  Edmund (D:5)
  Blork the orc (D:6)
  A kobold brigand (D:5)
  2 scorpions (D:5)
  2 bombardier beetles
  A hound (D:4)
  2 jellies (D:5)
  2 sleepcaps
  Ijyb (D:5)
  An iguana (D:6)
  Robin (D:3)
  3 adders
  2 ufetubi (D:5)
  2 dart slugs
  4 orcs
  9 bats
  3 endoplasms (D:1)
  3 giant cockroaches
  18 goblins
  5 hobgoblins
  7 jackals
  11 kobolds
  2 quokkas
  6 ball pythons
  5 frilled lizards
  5 rats
101 creatures vanquished.

Vanquished Creatures (collateral kills)
  2 jackals (D:2)
2 creatures vanquished.

Grand Total: 103 creatures vanquished

Notes
Turn   | Place    | Note
-------+----------+-------------------------------------------
     0 | D:1      | pokeman the Deep Elf Hedge Wizard began the quest for the
                  | Orb.
     0 | D:1      | Reached XP level 1. HP: 10/10 MP: 7/7
   311 | D:1      | Reached XP level 2. HP: 15/16 MP: 0/9
   868 | D:1      | Reached skill level 5 in Spellcasting
  1022 | D:1      | Reached XP level 3. HP: 20/20 MP: 9/11
  1028 | D:1      | Learned a level 3 spell: Mephitic Cloud
  1031 | D:1      | Learned a level 2 spell: Call Imp
  1034 | D:1      | Learned a level 2 spell: Blink
  1527 | D:2      | Reached skill level 1 in Fighting
  1527 | D:2      | Reached skill level 1 in Armour
  2116 | D:3      | Reached XP level 4. HP: 25/25 MP: 5/13
  2174 | D:3      | Found a stormy altar of Qazlal.
  2340 | D:3      | Noticed Robin
  2483 | D:3      | Killed Robin
  2802 | D:3      | Reached skill level 6 in Spellcasting
  2802 | D:3      | Reached XP level 5. HP: 29/29 MP: 10/15
  3351 | D:4      | Identified the +4 mace of Zyvida {flame, *Slow Int+7
                  | Stlth-}
  3691 | D:4      | Noticed Eustachio
  3702 | D:4      | Killed Eustachio
  3703 | D:4      | Reached skill level 1 in Air Magic
  3703 | D:4      | Reached skill level 1 in Alchemy
  3703 | D:4      | Reached XP level 6. HP: 8/34 MP: 8/17
  3719 | D:4      | Reached skill level 7 in Spellcasting
  4505 | D:5      | Entered Level 5 of the Dungeon
  4515 | D:5      | Found a white marble altar of Elyvilon.
  4521 | D:5      | Found a shimmering blue altar of Sif Muna.
  4669 | D:5      | Reached XP level 7. HP: 38/38 MP: 15/20
  4946 | D:5      | Reached skill level 1 in Evocations
  5052 | D:5      | Noticed Ijyb
  5071 | D:5      | Killed Ijyb
  5072 | D:5      | Reached skill level 8 in Spellcasting
  5263 | D:5      | Noticed Edmund
  5279 | D:5      | Killed Edmund
  5640 | D:6      | Noticed Blork the orc
  5656 | D:6      | Killed Blork the orc
  5663 | D:6      | Slain by a phantom

Illustrated notes

Levels and vault maps discovered:
D:1:      eino_arrival_cavern_b, layout_loops_ring,
          shapermc_ecumenical_altar_petra
D:2:      layout_rooms
D:3:      layout_basic, mainiacjoe_overflow_chevrons,
          kennysheep_generic_room_12, uniq_robin
D:4:      layout_layer_cave, uniq_eustachio
D:5:      layout_loops_corners, mainiacjoe_overflow_catwalk_spiral, uniq_edmund,
          uniq_ijyb
D:6:      layout_layer_cave, uniq_menkaure, uniq_blork_the_orc

Skill      XL: |  1  2  3  4  5  6  7 |
---------------+----------------------+-----
Spellcasting   | 5 6 7 8 |  8.9
Fighting       | 1 2 |  2.1
Armour         | 1 |  1.3
Conjurations   | 2 3 4 |  4.4
Dodging        | 3 |  3.0
Stealth        | 3 |  3.1
Air Magic      | 1 2 |  2.0
Alchemy        | 1 2 |  2.0
Evocations     | 1 |  1.2
Summonings     | |  1.1
Translocations | |  1.1

Action                     |  1- 3 |  4- 6 |  7- 9 || total
---------------------------+-------+-------+-------++-------
  Melee: Dagger            |    14 |     7 |       ||    21
         Mace              |       |    15 |    28 ||    43
   Cast: Magic Dart        |   114 |    79 |    42 ||   235
         Call Imp          |     1 |     2 |     1 ||     4
         Mephitic Cloud    |       |     9 |     6 ||    15
   Stab: Confused          |       |     4 |     4 ||     8
 Armour: Robe              |    25 |    11 |    18 ||    54
  Dodge: Dodged            |    42 |    16 |    23 ||    81

Table legend: (Time is in decaauts)
 A = Elapsed time spent in this place.
 B = Non-inter-level travel time spent in this place.
 C = Inter-level travel time spent in this place.
 D = Time resting spent in this place.
 E = Time spent auto-exploring this place.
 F = Levels seen in this place.
 G = Mean time per level.
                   A        B        C        D        E       F      G
               +--------+--------+--------+--------+--------+-----+--------+
         Total |   5678 |   5551 |    127 |    162 |   4754 |   6 |  946.3 |
       Dungeon |   5678 |   5551 |    127 |    162 |   4754 |   6 |  946.3 |
               +--------+--------+--------+--------+--------+-----+--------+

Top non-repeatable levels by time:
     D:1: 1396 daAuts
     D:3: 1268 daAuts
     D:4: 1157 daAuts
     D:5: 1109 daAuts
     D:2: 685 daAuts
     D:6: 60 daAuts
